 Dungeon Crawl Stone Soup version 0.18.1-48-g4cf74bf (webtiles) character file.

12765 Peloso the Blocker (level 11, -6/99 HPs)
             Began as a Minotaur Fighter on Sept 6, 2016.
             Was a High Priest of Okawaru.
             Shot with an arrow by something (8 damage)
             ... on level 12 of the Dungeon.
             The game lasted 00:31:03 (12845 turns).

Peloso the Blocker (Minotaur Fighter)              Turns: 12845, Time: 00:31:04

Health: -6/99      AC: 21    Str: 22    XL:     11   Next: 66%
Magic:  11/11      EV:  9    Int:  5    God:    Okawaru [*****.]
Gold:   832        SH:  9    Dex: 16    Spells: 0 memorised, 10 levels left

rFire  . . .     SeeInvis .     E - +1 scimitar (freeze)
rCold  . . .     Gourm    .     l - +1 plate armour
rNeg   . . .     Faith    .     H - +2 buckler {AC+3}
rPois  .         Spirit   .     (helmet restricted)
rElec  .         Dismiss  .     A - +1 cloak
rCorr  .         Reflect  .     (no gloves)
SustAt .         Harm     .     (no boots)
MR     .....                    (no amulet)
Stlth  ..........               e - +4 ring of dexterity
                                B - ring of stealth

@: not resistant to hostile enchantments, extremely unstealthy
A: retaliatory headbutt, horns 2
a: Heroism, Finesse, Renounce Religion


You were on level 12 of the Dungeon.
You worshipped Okawaru.
Okawaru was extremely pleased with you.
You were not hungry.

You visited 2 branches of the dungeon, and saw 13 of its levels.

You collected 832 gold pieces.

Inventory:

Hand Weapons
 a - a +1 long sword
 c - a +2 falchion
 p - a cursed +2 dire flail
 E - a +1 scimitar of freezing (weapon)
Armour
 l - a +1 plate armour (worn)
 A - a +1 cloak (worn)
 H - a +2 buckler of protection (worn)
Jewellery
 e - a +4 ring of dexterity (right hand)
 x - an uncursed ring of wizardry
 B - a ring of stealth (left hand)
Wands
 g - a wand of polymorph (4/24)
 o - a wand of slowing (30/48)
 r - a wand of flame (46/48)
 J - a wand of random effects (18/48)
Scrolls
 j - a scroll of magic mapping
 m - 3 scrolls of teleportation
 n - 6 scrolls of identify
 s - a scroll of enchant weapon
 v - 3 scrolls of recharging
 y - 6 scrolls of remove curse
 z - 2 scrolls of enchant armour
 G - a scroll of fog
Potions
 b - 2 potions of cancellation
 d - a potion of resistance
 i - 3 potions of haste
 q - 2 potions of brilliance
 t - 4 potions of curing
 u - 3 potions of agility
 I - 2 potions of cure mutation
Books
 w - a book of Fire

   Spells                             Type                      Level
   a - Ignite Poison                  Fire/Transmutation/Poison    3
   b - Fireball                       Conjuration/Fire             5
   c - Bolt of Fire                   Conjuration/Fire             6
   d - Delayed Fireball               Conjuration/Fire             7
   e - Ring of Flames                 Charms/Fire                  7
 C - a book of Maledictions

   Spells                             Type                      Level
   a - Corona                         Hexes                        1
   b - Ensorcelled Hibernation        Hexes/Ice                    2
   c - Confuse                        Hexes                        3
   d - Tukima's Dance                 Hexes                        3
   e - Dazzling Spray                 Conjuration/Hexes            3
 D - a book of the Sky

   Spells                             Type                      Level
   a - Summon Lightning Spire         Summoning/Air                4
   b - Airstrike                      Air                          4
   c - Silence                        Hexes/Air                    5
   d - Deflect Missiles               Charms/Air                   6
   e - Conjure Ball Lightning         Conjuration/Air              6
   f - Tornado                        Air                          9
 F - a book of Geomancy

   Spells                             Type                      Level
   a - Sandblast                      Earth                        1
   b - Passwall                       Transmutation/Earth          2
   c - Stone Arrow                    Conjuration/Earth            3
   d - Petrify                        Transmutation/Earth          4
   e - Lee's Rapid Deconstruction     Earth                        5
Comestibles
 f - 4 bread rations
 h - 5 meat rations
 k - 6 royal jellies
 K - a slice of pizza
 L - 2 chunks of flesh


   Skills:
 + Level 10.0 Fighting
 + Level 10.7 Long Blades
 + Level 11.8 Armour
 + Level 4.8 Dodging
 + Level 1.2 Stealth
 + Level 12.1 Shields
 + Level 0.2 Unarmed Combat
 + Level 1.8 Invocations


You had 10 spell levels left.
You didn't know any spells.

Dungeon Overview and Level Annotations

Branches:
Dungeon (12/15)            Temple (1/1) D:6            Lair (0/8) D:9
    Orc (0/2) D:12

Altars:
Ashenzari
Cheibriados
Dithmenos
Elyvilon
Fedhas
Gozag
Kikubaaqudgha
Makhleb
Nemelex Xobeh
Okawaru
Pakellas
Qazlal
Ru
Sif Muna
Trog
Vehumet
Xom
Yredelemnul
Zin
The Shining One

Shops:
D:6 *

Annotations:
D:12 Nessos


Innate Abilities, Weirdness & Mutations

You reflexively headbutt those who attack you in melee.
You have a pair of horns on your head.


Message History

You see here an arrow.
You feel very sick.
You feel very sick.
You feel very sick.
* * * LOW HITPOINT WARNING * * *
You feel very sick.
You hear a loud twanging sound.
An arrow appears from out of thin air!
The arrow hits you!
* * * LOW HITPOINT WARNING * * *
The arrow burns you.
You are more poisoned.
* * * LOW HITPOINT WARNING * * *
You see here an arrow.
Drink which item? (? for menu, Esc to quit)
You feel better.
You hear a loud twanging sound.
An arrow appears from out of thin air!
The arrow hits you!!
* * * LOW HITPOINT WARNING * * *
The arrow burns you!
You die...

##..... ..... #... # #..# #. #..#
#..#########..#
#######.............##########
..................(.(รท)......
...........@....############
#...###########(# #...# #(# #...#
#.# #...# #.# #.<)#
#.############
######.[[###########{.....$......
.................................
#................................


There were no monsters in sight!

Vanquished Creatures
  The ghost of Apert the Cleaver, a novice HOFi of Okawaru (D:8)
  A hill giant (D:10)
  A cyclops (D:12)
  An elephant (D:9)
  Joseph (D:9)
  A queen bee (D:12)
  2 trolls
  A two-headed ogre (D:11)
  Grinder (D:3)
  A shadow (D:10)
  11 yaks
  A basilisk (D:11)
  2 hungry ghosts
  A hippogriff (D:10)
  7 orc warriors
  A phantom (D:8)
  An ice beast (D:9)
  A black bear (D:12)
  6 ogres
  2 sky beasts (D:9)
  A necrophage (D:11)
  10 centaurs
  2 crocodiles (D:9)
  2 big kobolds (D:9)
  2 giant frogs
  A wyvern skeleton (D:10)
  4 scorpions
  A water moccasin skeleton (D:8)
  35 killer bees
  2 howler monkeys
  4 wights (D:12)
  4 crimson imps
  3 hounds
  2 centaur zombies
  8 orc priests
  A jelly (D:5)
  4 centaur skeletons
  3 giant frog skeletons
  13 orc wizards
  An iguana (D:5)
  5 worker ants
  2 killer bee zombies
  A sheep (D:9)
  A worker ant zombie (D:8)
  Robin (D:3)
  4 gnolls (D:5)
  13 adders
  An ooze (D:3)
  An adder zombie (D:7)
  A worm (D:2)
  2 dart slugs (D:1)
  3 giant geckos
  39 orcs
  2 ball pythons
  3 giant cockroaches
  13 goblins
  7 hobgoblins
  7 jackals
  5 quokkas
  2 bats
  3 giant newts
  A jackal zombie (D:5)
  22 kobolds
  A quokka zombie (D:6)
  8 rats
295 creatures vanquished.

Notes
Turn   | Place    | Note
--------------------------------------------------------------
     0 | D:1      | Peloso the Minotaur Fighter began the quest for the Orb.
     0 | D:1      | Reached XP level 1. HP: 19/19 MP: 0/0
    57 | D:1      | Reached skill level 4 in Shields
    59 | D:1      | Reached XP level 2. HP: 25/27 MP: 1/1
   886 | D:2      | Reached XP level 3. HP: 31/33 MP: 2/2
  1212 | D:2      | Found a snail-covered altar of Cheibriados.
  1670 | D:3      | Noticed Grinder
  1675 | D:3      | Paralysed by Grinder for 3 turns
  1689 | D:3      | Killed Grinder
  1689 | D:3      | Reached skill level 5 in Shields
  1689 | D:3      | Reached XP level 4. HP: 10/41 MP: 3/3
  1689 | D:3      | Reached XP level 5. HP: 12/47 MP: 4/4
  1880 | D:3      | Noticed Robin
  1906 | D:3      | Reached skill level 5 in Armour
  1912 | D:3      | Reached XP level 6. HP: 16/53 MP: 5/5
  1918 | D:3      | Killed Robin
  3067 | D:4      | Reached skill level 6 in Shields
  3067 | D:4      | Reached XP level 7. HP: 53/60 MP: 6/6
  3126 | D:4      | Reached skill level 5 in Fighting
  3155 | D:4      | Found a sacrificial altar of Ru.
  3165 | D:4      | Found a glowing silver altar of Zin.
  3165 | D:4      | Found a blossoming altar of Fedhas.
  3165 | D:4      | Found a glowing golden altar of the Shining One.
  3166 | D:4      | Found a radiant altar of Vehumet.
  3374 | D:5      | Entered Level 5 of the Dungeon
  3572 | D:5      | Noticed a hungry ghost
  3631 | D:5      | Killed a hungry ghost
  3631 | D:5      | Reached skill level 5 in Long Blades
  4342 | D:6      | Reached XP level 8. HP: 67/68 MP: 7/7
  4348 | D:6      | Reached skill level 7 in Shields
  4699 | D:6      | Found a staircase to the Ecumenical Temple.
  4956 | D:6      | Found Yty Corph's General Store.
  5122 | D:6      | Found Qeros's Serpentskin Sales.
  5850 | Temple   | Entered the Ecumenical Temple
  5857 | Temple   | Became a worshipper of Warmaster Okawaru
  5985 | D:7      | Reached skill level 8 in Shields
  6288 | D:8      | Reached XP level 9. HP: 72/78 MP: 8/8
  6315 | D:8      | Reached skill level 1 in Stealth
  6547 | D:8      | Reached * piety under Okawaru
  6875 | D:8      | Noticed Apert's ghost (novice HOFi)
  6924 | D:8      | Killed Apert's ghost
  6924 | D:8      | Reached skill level 9 in Shields
  7191 | D:8      | Reached ** piety under Okawaru
  8148 | D:9      | Reached skill level 1 in Invocations
  8194 | D:9      | Reached XP level 10. HP: 68/88 MP: 9/9
  8195 | D:9      | Noticed Joseph
  8212 | D:9      | Killed Joseph
  8212 | D:9      | Reached skill level 10 in Armour
  8557 | D:9      | Found a shadowy altar of Dithmenos.
  8557 | D:9      | Found a shimmering altar of Xom.
  8584 | D:9      | Reached *** piety under Okawaru
  8755 | D:9      | Found a staircase to the Lair.
  8756 | D:9      | Noticed an elephant
  8787 | D:9      | Reached skill level 10 in Shields
  8797 | D:9      | Killed an elephant
  9877 | D:10     | Entered Level 10 of the Dungeon
  9877 | D:10     | Noticed a hill giant
  9891 | D:10     | Killed a hill giant
  9891 | D:10     | Reached **** piety under Okawaru
  9891 | D:10     | Reached skill level 11 in Shields
 10427 | D:10     | Reached XP level 11. HP: 94/97 MP: 11/11
 10606 | D:10     | Reached ***** piety under Okawaru
 10773 | D:10     | Found a stormy altar of Qazlal.
 11659 | D:11     | Reached skill level 10 in Long Blades
 12234 | D:11     | Received a gift from Okawaru
 12465 | D:12     | Reached skill level 12 in Shields
 12515 | D:12     | Found a deep blue altar of Sif Muna.
 12536 | D:12     | Found a staircase to the Orcish Mines.
 12611 | D:12     | Reached skill level 10 in Fighting
 12834 | D:12     | Noticed Nessos
 12845 | D:12     | HP: 2/99 [something (18)]
 12845 | D:12     | Shot with an arrow by something

Skill      XL: |  1  2  3  4  5  6  7  8  9 10 11 |
---------------+----------------------------------+-----
Shields        | 4 5 6 8 9 11 12 | 12.1
Armour         | 4 5 6 7 8 9 11 | 11.8
Fighting       | 4 5 6 8 9 10 | 10.0
Long Blades    | 3 4 5 6 8 9 10 | 10.7
Dodging        | 2 3 4 |  4.8
Stealth        | 1 |  1.2
Invocations    | 1 |  1.8
Unarmed Combat | |  0.2

Action                   |  1- 3 |  4- 6 |  7- 9 | 10-12 || total
-------------------------+-------+-------+-------+-------++-------
Melee: Long sword        |    91 |    83 |   435 |   485 ||  1094
       Headbutt          |    13 |    15 |    86 |   121 ||   235
       Unarmed           |       |       |       |     2 ||     2
       Scimitar          |       |       |       |    50 ||    50
       Falchion          |       |       |       |     9 ||     9
Invok: Heroism           |       |       |     2 |     6 ||     8
  Use: Potion            |     1 |       |       |     2 ||     3
       Scroll            |       |       |    12 |    12 ||    24
  Eat: Chunk             |     1 |     5 |    17 |    15 ||    38
       Fruit             |       |     1 |    11 |       ||    12
       Pizza             |       |       |     2 |       ||     2
       Bread ration      |       |       |     1 |       ||     1
       Royal jelly       |       |       |       |     1 ||     1
Armor: Scale mail        |    32 |       |       |       ||    32
       Plate armour      |     7 |    54 |   244 |   359 ||   664
       Skin              |       |       |       |     1 ||     1
Dodge: Dodged            |    24 |    26 |   137 |   219 ||   406
Block: Shield            |    44 |    63 |   185 |       ||   292
       Buckler           |       |       |    67 |   292 ||   359
